 Dungeon Crawl Stone Soup version 0.17-a0-2227-g3b849ff (webtiles) character file.

98 Sixotanaka the Poker (level 4, -3/33 HPs)
             Began as a Merfolk Gladiator on Oct 30, 2015.
             Slain by a gnoll (5 damage)
             ... on level 2 of the Dungeon.
             The game lasted 00:10:15 (2574 turns).

Sixotanaka the Poker (Merfolk Gladiator)            Turns: 2574, Time: 00:10:15

Health: -3/33      AC:  3    Str: 15    XL:     4   Next: 69%
Magic:  4/4        EV: 20    Int:  7    God:
Gold:   147        SH:  0    Dex: 20    Spells: 0 memorised, 3 levels left

rFire  . . .     SeeInvis .     a - +0 trident
rCold  . . .     Clarity  +     w - +0 robe (curse)
rNeg   . . .     SustAt   .     (no shield)
rPois  .         Gourm    .     c - +0 helmet
rElec  .         Spirit   .     (no cloak)
rCorr  .         Warding  .     (no gloves)
rMut   .         Stasis   .     (no boots)
MR     .....                    i - amulet of clarity
Stlth  +++.......               (no ring)
                                (no ring)

@: agile, not resistant to hostile enchantments, fairly stealthy
A: change form in water, swift swim
a: no special abilities


You were on level 2 of the Dungeon.
You were not hungry.

You visited 1 branch of the dungeon, and saw 3 of its levels.

You collected 147 gold pieces.


   Skills:
 - Level 2.1 Fighting
 + Level 7.7 Polearms
 - Level 2.0 Throwing
 - Level 4.0 Dodging


You had 3 spell levels left.
You didn't know any spells.

Dungeon Overview and Level Annotations

Branches:
Dungeon (3/15)

Altars:
Vehumet

Inventory:

Hand Weapons
 a - a +0 trident (weapon)
Missiles
 d - 2 throwing nets (quivered)
Armour
 b - a +0 leather armour
 c - a +0 helmet (worn)
 s - a +0 plate armour
 w - a cursed +0 robe (worn)
Jewellery
 i - an amulet of clarity (around neck)
Wands
 r - a wand of frost (37)
 v - a wand of flame (25)
Scrolls
 q - 2 scrolls of recharging
Potions
 f - a potion of degeneration {unknown}
 j - a potion of heal wounds {unknown}
 l - a potion of mutation {unknown}
 n - 3 potions of brilliance
 o - a potion of might {unknown}
 t - 2 potions of curing {unknown}
Comestibles
 e - 4 bread rations
 g - 2 beef jerkies
 h - 4 chunks of flesh
 k - a meat ration

#............#.#####..
#.....########........
####.## #..####.. ####.#
#..#.#... ####....#
#..#.#.## #..'....#####
#..#...# #.##<.......#
#..#.####
#.##...####.#####..#.....
#.##...#@gg..............
#.##...#g##.#####..#.....
#.##...#.##.# #..#.....
#......#.##.#####..#.....
####...#(..(((.(.........
#...#......#....###.#.
######...######.#....#
#...
#.......##....#.#....#
##..
##.#######.##.#.#....#
#..


You could see 2 gnolls and a hobgoblin.


Message History

n - 3 potions of brilliance Read which item? (? for menu, Esc to quit)
Identify which item? (\ to view known items) (? for menu, Esc to quit)
As you read the scroll of identify {@r1}, it crumbles to dust.
p - a potion of agility
t - 2 smoky blue potions (gained 1)
Found 14 gold pieces.
An ogre comes into view. It is wielding a giant club.
All of the chunks of flesh in your inventory have rotted away.
Found a stone staircase leading up.
Aim: an ogre, wielding a giant club You throw a throwing net.
The throwing net barely misses the ogre.
The ogre misses you.
You see here a dagger.
You see here 2 stones.
You see here 4 stones.
There is a stone staircase leading up here.
You climb upwards.
There is a stone staircase leading down here.
There is a stone staircase leading down here.
You climb downwards.
A quokka, a hobgoblin and 3 gnolls come into view.
The gnoll shouts!
You hear a shout!
You hear a shout!
Found a stone staircase leading down.
There is a stone staircase leading up here.
The hobgoblin hits you. The quokka bites you.
The gnoll hits you from afar with a halberd.
You climb upwards.
There is a stone staircase leading down here.
You hit the gnoll. The quokka barely misses you. The gnoll closely misses you.
You hit the gnoll but do no damage. The quokka bites you. The gnoll misses you.
You puncture the gnoll!
You kill the gnoll!
The quokka misses you.
You completely miss the hobgoblin. The quokka misses you.
The hobgoblin hits you.
You puncture the hobgoblin!
You kill the hobgoblin!
The quokka closely misses you.
You closely miss the quokka. The quokka closely misses you.
You puncture the quokka!
You kill the quokka!
You see here a quokka corpse.
You butcher the quokka corpse.
h - 2 chunks of flesh You see here a quokka skeleton.
You see here a gnoll corpse.
You butcher the gnoll corpse.
h - 4 chunks of flesh (gained 2)
There is a stone staircase leading down here.
You start resting.
You climb downwards.
A hobgoblin comes into view.
The hobgoblin hits you. The gnoll hits you. The hobgoblin hits you.
The gnoll barely misses you.
There is a stone staircase leading up here.
The gnoll hits you! The hobgoblin completely misses you.
You climb upwards.
There is a stone staircase leading down here.
You barely miss the gnoll. The gnoll hits you with a halberd!
* * * LOW HITPOINT WARNING * * *
The gnoll misses you.
Drink which item? (? for menu, Esc to quit)
You feel agile all of a sudden. The gnoll hits you with a halberd.
* * * LOW HITPOINT WARNING * * *
The gnoll misses you.
You hit the gnoll. The gnoll hits you.
You die...

Action                   |  1- 3 |  4- 6 || total
-------------------------+-------+-------++-------
Melee: Trident           |   115 |    52 ||   167
Throw: Throwing net      |       |     1 ||     1
  Use: Scroll            |       |     4 ||     4
       Potion            |       |     1 ||     1
 Stab: Sleeping          |     1 |     2 ||     3
       Distracted        |       |     1 ||     1
  Eat: Chunk             |     1 |     4 ||     5

Vault maps used:
D:1:      lemuel_arrival_tunnels
D:2:      first_bread, minmay_misc_feat_more_columns
D:3:      vehumet_altar_wand_db, serial_corexii_hall, corexii_hall_statues_l,
          corexii_hall_statues_l

Notes
Turn   | Place    | Note
--------------------------------------------------------------
     0 | D:1      | Sixotanaka the Merfolk Gladiator began the quest for the Orb.
     0 | D:1      | Reached XP level 1. HP: 16/16 MP: 1/1
    87 | D:1      | Reached skill level 5 in Polearms
    97 | D:1      | Reached XP level 2. HP: 17/22 MP: 2/2
   819 | D:1      | Reached XP level 3. HP: 22/27 MP: 3/3
   849 | D:2      | Reached skill level 6 in Polearms
  1291 | D:2      | Reached skill level 7 in Polearms
  1291 | D:2      | Reached XP level 4. HP: 14/33 MP: 4/4
  1306 | D:2      | HP: 8/33 [poisoned by an adder]
  1314 | D:2      | HP: 7/33 [poisoned by an adder]
  2128 | D:3      | Found a radiant altar of Vehumet.
  2388 | D:3      | Noticed an ogre
  2572 | D:2      | HP: 6/33 [gnoll/halberd (12)]
  2573 | D:2      | HP: 2/33 [gnoll/halberd (4)]
  2574 | D:2      | Slain by a gnoll

Vanquished Creatures
  4 adders
  A gnoll (D:2)
  6 bats
  6 giant cockroaches
  12 hobgoblins
  6 kobolds
  A quokka (D:2)
  A ball python (D:2)
  4 giant newts (D:1)
  7 goblins
  6 rats
54 creatures vanquished.
